Map: Acid Plant LE

Players

TheWagon

  • Race: Zerg Zerg
  • Spawn Location: 5:00

harstem - Winner!

  • Race: Protoss Protoss
  • Spawn Location: 11:00

Event: WCS Montreal 2018

VOD

Have the link to the VOD?

Description

Time

  • Played on: Sept. 7, 2018, 12:25 p.m.
  • Length: 9:41

All games in this series

Show
View Real Time Build Order
Export as new Build Order

TheWagon Zerg 

Build Orders: Hatch First 

Get SALT Encoding   

  12  0:01  Drone  
  13  0:12  Overlord  
  13  0:20  Drone  
  14  0:30  Drone x2  
  14  0:34  Drone  
  17  0:52  Hatchery  
  17  0:56  Drone  
  17  1:07  Drone x2  
  17  1:08  Extractor  
  18  1:20  Spawning Pool  
  18  1:21  Drone  
  18  1:28  Drone  
  19  1:38  Drone  
  20  1:50  Drone  
  21  2:00  Drone  
  22  2:06  Queen  
  22  2:07  Zergling x2  
  25  2:10  Zergling x2  
  26  2:15  Lair  
  26  2:18  Overlord  
  26  2:21  Drone  
  27  2:23  Spine Crawler  
  27  2:26  Drone  
  27  2:33  Drone  
  29  2:37  Drone  
  29  2:42  Queen  
  31  2:45  Drone  
  31  2:49  Overlord  
  32  2:57  Drone  
  32  2:58  Drone  
  34  3:07  Drone  
  34  3:10  Drone  
  36  3:16  Drone  
  36  3:17  Infestation Pit  
  36  3:18  Drone x3, Queen  
  41  3:23  Queen  
  43  3:27  Drone  
  44  3:34  Spore Crawler  
  44  3:36  Drone x2, Spore Crawler  
  44  3:41  Overlord  
  44  3:54  Extractor  
  44  3:55  Extractor x2, Queen  
  44  3:57  Drone  
  44  4:02  Hive  
  44  4:04  Drone x2  
  44  4:05  Drone  
  44  4:06  Drone  
  44  4:08  Drone  
  49  4:16  Overlord  
  49  4:28  Drone  
  49  4:29  Drone  
  51  4:31  Overlord  
  51  4:34  Queen  
  53  4:44  Overlord  
  53  4:55  Drone x2  
  53  5:09  Queen  
  53  5:10  Overlord  
  53  5:14  Ultralisk Cavern  
  54  5:15  Nydus Network  
  51  5:23  Drone x2  
  51  5:24  Drone  
  51  5:26  Overlord  
  52  6:00  Ultralisk  
  52  6:01  Ultralisk x2  
  66  6:29  Hatchery  
  66  6:31  Ultralisk  
  66  6:47  Nydus Canal  
  66  6:55  Queen x2  
  66  6:59  Drone  
  71  7:01  Overseer  
  71  7:17  Drone x3  
  71  7:20  Drone  
  71  7:21  Drone  
  76  7:30  Queen x2  
  76  7:32  Drone  
  65  7:50  Queen  
  59  7:52  Drone x2  
  59  7:54  Drone x2  
  59  7:56  Drone x4  
  59  8:06  Queen x2, Ultralisk  
  69  8:23  Drone x2  
  69  8:26  Queen  
  72  8:33  Ultralisk  
  77  8:42  Queen  
  77  8:44  Viper  
  77  8:48  Overlord x2  
  82  9:00  Overlord  
  82  9:06  Overseer  
  82  9:13  Overlord x2  
  82  9:14  Drone  
  82  9:15  Drone x6  
Show
View Real Time Build Order
Export as new Build Order

harstem Protoss - Winner!

Build Orders: 1 Gate Expand, Oracle Opening, Zealot Archon 

Get SALT Encoding   

  12  0:01  Probe  
  13  0:14  Probe  
  14  0:20  Pylon  
  14  0:26  Probe  
  15  0:34  Probe  
  15  0:42  Probe  
  16  0:46  Gateway  
  16  0:48  Assimilator  
  17  0:52  Probe  
  18  1:04  Probe  
  19  1:16  Probe  
  20  1:25  Nexus  
  20  1:36  Cybernetics Core  
  20  1:39  Probe  
  21  1:47  Assimilator  
  21  1:51  Probe  
  22  1:54  Pylon  
  22  2:03  Adept, Probe  
  25  2:16  Probe  
  25  2:19  Stargate  
  26  2:28  Probe  
  27  2:30  Adept  
  27  2:34  Warp Gate  
  27  2:36  Probe  
  29  2:40  Probe  
  31  2:45  Probe  
  32  2:52  Probe  
  32  2:53  Probe  
  32  2:56  Oracle  
  34  3:04  Probe  
  37  3:08  Probe  
  39  3:17  Probe  
  39  3:18  Gateway  
  40  3:20  Probe  
  40  3:25  Oracle  
  40  3:26  Pylon  
  41  3:29  Probe  
  41  3:32  Probe  
  46  3:39  Gateway  
  46  3:44  Pylon, Probe x2  
  48  3:55  Assimilator  
  48  3:56  Probe x2  
  48  4:02  Phoenix  
  52  4:09  Assimilator  
  52  4:13  Pylon  
  52  4:19  Probe x2  
  52  4:22  Pylon  
  54  4:26  Shield Battery  
  54  4:32  Probe x2  
  56  4:38  Adept x2  
  56  4:39  Adept  
  56  4:44  Probe  
  63  4:47  Probe  
  64  4:57  Probe  
  64  4:59  Nexus  
  65  5:02  Pylon  
  65  5:03  Pylon  
  65  5:08  Twilight Council, Forge  
  65  5:09  Probe  
  65  5:13  Pylon  
  66  5:14  Probe  
  67  5:25  Probe  
  68  5:30  Charge  
  68  5:33  Protoss Ground Weapons Level 1, Probe  
  69  5:37  Probe  
  69  5:38  Robotics Facility  
  69  5:39  Adept x3  
  76  5:49  Gateway  
  77  5:50  Gateway  
  77  5:54  Gateway  
  76  5:57  Templar Archives  
  76  5:59  Probe  
  76  6:01  Probe  
  78  6:14  Gateway  
  78  6:15  Pylon  
  78  6:16  Gateway  
  78  6:18  Zealot  
  80  6:23  Immortal  
  82  6:44  Probe  
  82  6:46  Pylon  
  69  6:47  High Templar x3  
  69  6:48  High Templar  
  69  6:49  Immortal  
  69  6:50  Zealot  
  69  6:51  Photon Cannon  
  69  6:52  Archon  
  69  6:54  Archon  
  79  6:56  Zealot  
  81  7:02  Shield Battery  
  81  7:04  Shield Battery  
  85  7:08  Shield Battery  
  85  7:10  Zealot  
  81  7:17  Shield Battery x2  
  81  7:20  Immortal, Zealot x6  
  91  7:28  Pylon  
  91  7:31  High Templar x2  
  91  7:36  Archon  
  83  7:44  Zealot x2  
  87  7:52  High Templar x2  
  87  7:53  Zealot x2  
  87  7:58  Archon, Probe x2  
  93  8:03  Probe  
  100  8:05  Zealot x3  
  100  8:06  Probe, Observer  
  100  8:09  Probe  
  107  8:16  Twilight Council  
  107  8:19  Warp Prism  
  105  8:24  Probe  
  105  8:26  Probe  
  107  8:30  High Templar x2, Zealot x3  
  107  8:31  Zealot x3  
  125  8:34  Archon  
  125  8:38  Pylon  
  125  8:40  Pylon  
  125  8:42  Assimilator  
  125  8:44  Assimilator  
  125  8:49  Observer  
  125  8:54  Zealot x4  
  133  8:56  Pylon  
  133  8:58  Pylon  
  134  9:11  Zealot  
  134  9:12  Zealot x2  
  144  9:17  Photon Cannon  
  144  9:25  High Templar  
  144  9:26  High Templar x3  
  144  9:30  Archon x2  
  142  9:32  Zealot x3  
Tags
 
Add a new tag
Caveats
  • Supply blocks, unpowered buildings, or Contaminate may cause inaccurate times.
  • Supply counts are checked every 10 seconds.